 Dungeon Crawl Stone Soup version 0.28-a0-313-gbc0475efdd (webtiles) character file.

Game seed: 17523063894784301334

343 hatdisgam the Shield-Bearer (level 6, -3/47 HPs)
             Began as a Formicid Fighter on Aug 31, 2021.
             Slain by an ogre (20 damage)
             ... on level 4 of the Dungeon.
             The game lasted 00:04:54 (3529 turns).

hatdisgam the Shield-Bearer (Formicid Fighter)      Turns: 3529, Time: 00:04:55

Health: -3/47      AC:  6    Str: 20    XL:     6   Next: 88%
Magic:  6/6        EV:  9    Int: 10    God:
Gold:   112        SH:  8    Dex: 10    Spells: 5/5 levels left

rFire   . . .      SeeInvis +   a - +0 long sword
rCold   . . .      Faith    .   c - +0 kite shield
rNeg    . . .      Spirit   .   b - +0 scale mail
rPois   .          Reflect  .   (helmet unavailable)
rElec   .          Harm     .   (no cloak)
rCorr   .          Rampage  .   (no gloves)
Will    .....                   (no boots)
Stlth   ..........              j - amulet of regeneration
HPRegen 1.15/turn               (no ring)
MPRegen 0.10/turn               (no ring)

@: mighty
A: permanent stasis, dig shafts and tunnels, antennae 3, four strong arms
a: Dig, Shaft Self


You were on level 4 of the Dungeon.
You visited 1 branch of the dungeon, and saw 4 of its levels.

You collected 112 gold pieces.

Inventory:

Hand Weapons
 a - a +0 long sword (weapon)
 n - a +0 dagger of electrocution
 p - a +2 dagger of venom
Missiles
 o - 15 bolts
Armour
 b - a +0 scale mail (worn)
 c - a +0 kite shield (worn)
Jewellery
 j - an amulet of regeneration (around neck)
Wands
 q - a wand of polymorph (4)
Scrolls
 e - a scroll of noise {unknown}
 h - 2 scrolls of identify {unknown}
 k - a scroll of blinking {unknown}
 m - a scroll of brand weapon {unknown}
Potions
 f - 2 potions of curing {unknown}
 g - 2 potions of lignification {unknown}
 i - a potion of cancellation {unknown}
 l - 2 potions of invisibility {unknown}


   Skills:
 - Level 3.2 Fighting
 * Level 4.9 Long Blades
 - Level 3.2 Armour
 + Level 2.6 Dodging
 + Level 5.3 Shields


You had 5 spell levels left.
You didn't know any spells.
Your spell library was empty.

Dungeon Overview and Level Annotations

Branches:
Dungeon (4/15)
 Temple: D:4-7

Altars:


Innate Abilities, Weirdness & Mutations

You cannot be hasted, slowed, berserked, paralysed or teleported.
You can dig through walls and to a lower floor.
You have a pair of large antennae on your head. (SInv)
Your four strong arms can wield two-handed weapons with a shield.


Message History

There is an open door here.
You open the door.
There is an open door here.
A jelly comes into view.
The jelly quivers.
A jelly is nearby!
A jelly is nearby!
An ogre comes into view. It is wielding a +0 giant club.
The ogre shouts!
The jelly jiggles.
Okay, then.
Okay, then.
Unknown command.
You hit the jelly.
Your hands burn!
The jelly is moderately wounded.
The jelly closely misses you.
You slash the jelly!
Your hands burn!
The jelly is almost dead.
The jelly hits you.
You are splashed with acid!
You slash the jelly!
You kill the jelly!
You completely miss the ogre.
The ogre hits you with a +0 giant club!!
There is a stone staircase leading up here.
The ogre hits you with a +0 giant club!
* * * LOW HITPOINT WARNING * * *
You see here a +0 whip.
You feel very mighty all of a sudden.
You barely miss the ogre. You block the ogre's attack.
You slash the ogre!
The ogre is moderately wounded.
The ogre barely misses you.
You barely miss the ogre.
The ogre is moderately wounded.
The ogre hits you with a +0 giant club!!
Ouch! That really hurt!
You hit the ogre.
The ogre is heavily wounded.
The ogre hits you with a +0 giant club!!
You die...

## #.#...........# .#
#......#.###..# .#
#.#...##.# #..#
.####.##.###.###..#
......##.# #...)..#
.#######.# #####.########
.# ##+## #........# .#
##...## #O######.# .#
##.....## #@...# #.# ##
##.......## #.#..# #.#
####....[....###....###.#
...'.........'.......##.#
####.........###........#
# ##.......## ###.#.####
# ##.....## ###.# #
##...## #.# # ##'## #.#


You could see an ogre.

Vanquished Creatures
  A sky beast (D:3)
  A jelly (D:4)
  Ijyb (D:3)
  Terence (D:3)
  7 adders
  A dart slug (D:3)
  5 orcs (D:3)
  9 ball pythons
  3 endoplasms
  4 giant cockroaches
  17 goblins
  4 hobgoblins (D:1)
  3 jackals (D:3)
  12 kobolds
  4 quokkas
  13 bats
  4 frilled lizards
  5 rats
95 creatures vanquished.

Notes
Turn   | Place    | Note
-------+----------+-------------------------------------------
     0 | D:1      | hatdisgam the Formicid Fighter began the quest for the Orb.
     0 | D:1      | Reached XP level 1. HP: 18/18 MP: 1/1
    51 | D:1      | Reached XP level 2. HP: 12/24 MP: 2/2
   364 | D:1      | Found a faded altar of an unknown god.
   726 | D:1      | Reached XP level 3. HP: 29/29 MP: 3/3
   799 | D:1      | Reached skill level 4 in Shields
   825 | D:1      | Reached skill level 1 in Dodging
  1481 | D:2      | Reached XP level 4. HP: 35/35 MP: 4/4
  2127 | D:3      | Noticed a sky beast
  2134 | D:3      | Reached XP level 5. HP: 32/41 MP: 5/5
  2162 | D:3      | Killed a sky beast
  2163 | D:3      | Reached XP level 6. HP: 21/47 MP: 6/6
  2332 | D:3      | Noticed Terence
  2358 | D:3      | Killed Terence
  2359 | D:3      | Reached skill level 5 in Shields
  2656 | D:3      | Noticed Ijyb
  2673 | D:3      | Killed Ijyb
  3471 | D:4      | Noticed an ogre
  3529 | D:4      | Slain by an ogre

Illustrated notes

Levels and vault maps discovered:
D:1:      minmay_arrival_wavy_path, layout_basic,
          shapermc_ecumenical_altar_ellora
D:2:      minmay_wonky_spiral, layout_basic
D:3:      kennysheep_goblin_castle, layout_basic,
          hangedman_decor_clover_reticule, chequers_decorated_corner,
          item_on_display_a, uniq_terence
D:4:      cheibrodos_helix_gallery, layout_loops_corners,
          minmay_temple_entry_gardened_gates, uniq_menkaure, uniq_pikel

Skill      XL: |  1  2  3  4  5  6 |
---------------+-------------------+-----
Shields        | 4 5 |  5.3
Dodging        | 1 2 |  2.6
Long Blades    | 3 4 |  4.9
Fighting       | |  3.2
Armour         | |  3.2

Action                   |  1- 3 |  4- 6 || total
-------------------------+-------+-------++-------
Melee: Long sword        |   148 |   237 ||   385
 Abil: Dig               |     1 |       ||     1
  Use: Potion            |       |     1 ||     1
Armor: Scale mail        |    64 |    92 ||   156
Dodge: Dodged            |    71 |   101 ||   172
Block: Kite shield       |    82 |   119 ||   201

Table legend: (Time is in decaauts)
 A = Elapsed time spent in this place.
 B = Non-inter-level travel time spent in this place.
 C = Inter-level travel time spent in this place.
 D = Time resting spent in this place.
 E = Time spent auto-exploring this place.
 F = Levels seen in this place.
 G = Mean time per level.
                   A        B        C        D        E       F      G
               +--------+--------+--------+--------+--------+-----+--------+
         Total |   3670 |   3567 |    103 |    174 |   2492 |   4 |  917.5 |
       Dungeon |   3670 |   3567 |    103 |    174 |   2492 |   4 |  917.5 |
               +--------+--------+--------+--------+--------+-----+--------+

Top non-repeatable levels by time:
     D:1: 1407 daAuts
     D:3: 1223 daAuts
     D:2: 793 daAuts
     D:4: 246 daAuts
